 Dungeon Crawl Stone Soup version 0.21-a0-273-g0785366 (webtiles) character file.

19534 RKaid the Carver (level 12, 0/98 HPs)
             Began as a Vampire Chaos Knight on Sept 17, 2017.
             Slain by a catoblepas (14 damage)
             ... on level 2 of the Lair of Beasts.
             The game lasted 01:26:59 (16230 turns).

RKaid the Carver (Vampire Chaos Knight)            Turns: 16230, Time: 01:27:00

Health: 0/98       AC:  6    Str: 14    XL:     12   Next: 37%
Magic:  0/12       EV:  2    Int: 19    God:    Xom [.*....]
Gold:   806        SH:  0    Dex: 13    Spells: 10/11 levels left

rFire    + . .     SeeInvis +   v - +0 great sword (vamp)
rCold    + . .     Gourm    .   (shield currently unavailable)
rNeg     + + +     Faith    .   P - +0 troll leather armour {regen}
rPois    ∞         Spirit   +   (helmet restricted)
rElec    .         Reflect  .   E - scarf {rC+ rF+} {rC+ rF+}
rCorr    .         Harm     .   H - +0 pair of gloves
MR       +....                  r - +0 pair of boots
Stlth    ++++......             K - amulet of guardian spirit {Spirit}
HPRegen  0.86/turn              h - ring of stealth {Stlth+}
MPRegen  0.13/turn              I - ring of positive energy {rN+}

@: petrified, berserk cooldown, regenerating quickly, slowed
A: antennae 1, fangs 3, hooves 1, see invisible, clever 1, sense surroundings 2,
poison resistance, screaming 1, unbreathing, sturdy frame 1
a: Renounce Religion


You were on level 2 of the Lair of Beasts.
You worshipped Xom.
You were a plaything of Xom.
You were full.

You visited 3 branches of the dungeon, and saw 14 of its levels.
You also visited: Bailey.

You collected 1586 gold pieces.
You spent 780 gold pieces at shops.

Inventory:

Hand Weapons
 a - a +0 falchion of protection
 b - a +3 scimitar of flaming
   (You took it off Erica on level 10 of the Dungeon)
 t - a +2 halberd of chaos
   (Xom gifted it to you on level 3 of the Dungeon)
 v - a +0 vampiric great sword (weapon)
   (You took it off a wight on level 9 of the Dungeon)
Missiles
 f - 119 sling bullets
 j - 17 tomahawks of returning (quivered)
 F - 3 throwing nets {=f}
Armour
 r - a +0 pair of boots (worn)
   (You bought it in a shop on level 5 of the Dungeon)
 y - the +6 chain mail "Puafen" {rF+}
   (You bought it in a shop on level 5 of the Dungeon)

   It protects you from fire.
 E - a scarf of resistance (worn) {rC+ rF+}
   (You found it on level 10 of the Dungeon)
 H - a +0 pair of gloves (worn)
   (You found it on level 7 of the Dungeon)
 J - a scarf of repulsion
   (You bought it in a shop on level 5 of the Dungeon)
 P - a +0 troll leather armour (worn) {regen}
   (You found it on level 9 of the Dungeon)
 W - a +1 helmet
   (You found it on level 1 of the Lair of Beasts)
Magical Staves
 s - an uncursed staff of air {rElec}
   (You found it on level 1 of the Lair of Beasts)
Jewellery
 h - a ring of stealth (left hand) {Stlth+}
   (You found it on level 1 of the Dungeon)
 I - a ring of positive energy (right hand) {rN+}
   (You found it on level 7 of the Dungeon)
 K - an amulet of guardian spirit (around neck) {Spirit}
   (You found it on level 8 of the Dungeon)
 S - an uncursed amulet of rage {unknown}
   (You found it on level 11 of the Dungeon)
Wands
 u - a wand of polymorph (24/24)
   (You took it off Ijyb on level 3 of the Dungeon)
 w - a wand of iceblast (9/15)
   (You found it on level 5 of the Dungeon)
 A - a wand of acid (6/15)
   (You took it off a centaur on level 10 of the Dungeon)
 C - a wand of clouds (5/9)
   (You found it on level 11 of the Dungeon)
 D - a wand of digging (12/24)
   (You found it on level 5 of the Dungeon)
 G - a wand of confusion (0/48)
   (You found it on level 7 of the Dungeon)
 L - a wand of paralysis (5/24)
   (You found it on level 8 of the Dungeon)
 R - a wand of lightning (5/15)
   (You found it on level 11 of the Dungeon)
Scrolls
 o - 7 scrolls of remove curse
 p - 3 scrolls of enchant armour
 B - 2 scrolls of recharging
 Q - a scroll of magic mapping {!r}
 T - a scroll of teleportation
Potions
 d - 3 potions of curing
 e - a potion of brilliance
 g - a potion of invisibility
 i - a potion of heal wounds
 k - a potion of cancellation {unknown}
 l - 4 potions of lignification {!q}
 m - a potion of ambrosia {unknown}
 n - a potion of flight
 q - 19 potions of blood {@q1}
 x - 2 potions of mutation {unknown}
 z - 2 potions of might {unknown}
 N - 2 potions of magic {unknown}
 O - 4 potions of degeneration {unknown}
Books
 c - a book of the Warp
   (Xom gifted it to you on level 1 of the Dungeon)
 M - a book of Cantrips
   (Xom gifted it to you in a bailey)
 U - a book of Conjurations
   (You found it on level 1 of the Lair of Beasts)


   Skills:
 + Level 10.4 Fighting
 * Level 13.4 Long Blades
 - Level 3.0 Armour
 - Level 7.5 Dodging
 - Level 6.6 Stealth
   Level 6.5 Shields


You had 10 spell levels left.
You knew the following spells:

 Your Spells              Type           Power        Failure   Level  Hunger
g - Apportation           Tloc           #.....       22%         1    ##.....


Dungeon Overview and Level Annotations

Branches:
Dungeon (11/15)            Temple (1/1) D:6            Lair (2/6) D:11
  Swamp (0/4) Lair:2          Orc (0/2) D:11
  Snake: Lair:2-4    Spider: Lair:2-4

Altars:
Ashenzari
Cheibriados
Dithmenos
Elyvilon
Fedhas
Gozag
Hepliaklqana
Kikubaaqudgha
Makhleb
Nemelex Xobeh
Okawaru
Qazlal
Ru
Sif Muna
Trog
Uskayaw
Vehumet
Wu Jian
Xom
Yredelemnul
Zin
The Shining One

Shops:
D:5 [

Portals:
Trove: D:11 (give 18 scrolls of teleportation)

Annotations:
D:10 exclusion: oklob plant, Erolcha
D:11 exclusion: door


Innate Abilities, Weirdness & Mutations

Your natural rate of healing is unusually fast.
You have razor-sharp teeth.
You have supernaturally acute eyesight. (SInv)
You can survive without breathing.
You have a pair of small antennae on your head.
You have large cloven feet.
Your mind is acute. (Int +2)
You passively map the area around you.
Your system is resistant to poisons. (rPois)
You occasionally shout uncontrollably at your foes.
Your movements are slightly less encumbered by armour. (ER -2)


Message History

You hit the polar bear but do no damage.
Xom smirks.
You detect items!
The polar bear barely misses you.
You riposte.
You slash the polar bear!
The polar bear claws you but does no damage. x2
You catch the helpless polar bear completely off-guard!
You slash the polar bear!
You feel better.
You kill the polar bear!
You are feeling thirsty.
Things that are here:
a polar bear corpse; a porcupine corpse You bottle the corpse's blood.
q - 21 potions of blood {@q1} (gained 1)
Things that are here:
a polar bear corpse; a porcupine skeleton You bottle the corpse's blood.
q - 23 potions of blood {@q1} (gained 2)
You see here a porcupine skeleton.
Yummy - fresh blood!
Yummy - fresh blood!
A bullfrog comes into view.
A bullfrog is nearby!
Yummy - fresh blood!
Yummy - fresh blood!
Yummy - fresh blood!
You start resting.
You flicker for a moment.
You start resting.
You flicker back into view.
You see here a porcupine skeleton.
You start resting.
A bullfrog is nearby!
A catoblepas comes into view.
The bullfrog gives a loud, deep croak!
Unknown command.
You see here a porcupine skeleton.
You slash the bullfrog!
The bullfrog snags a nearby butterfly with its tongue.
The bullfrog hits you but does no damage.
The bullfrog completely misses you.
You closely miss the bullfrog. The bullfrog hits you. The bullfrog misses you.
You slash the bullfrog!
You feel better.
You kill the bullfrog!
You see here a bullfrog corpse.
You bottle the corpse's blood.
Things that are here:
a potion of blood {@q1}; a bullfrog skeleton "Go forth and cause havoc, mortal!"
You feel yourself speed up.
You see here a porcupine skeleton.
q - 19 potions of blood {@q1} (gained 1)
You see here a bullfrog skeleton.
Found a stone staircase leading down.
Your magical contamination has completely faded away.
The catoblepas bellows!
You barely miss the catoblepas. You hit the catoblepas.
The catoblepas gores you!
You hit the catoblepas.
You bite the catoblepas, but do no damage.
The catoblepas gores you!!
You slash the catoblepas!
You bite the catoblepas, but do no damage.
The catoblepas gores you but does no damage.
You hit the catoblepas but do no damage.
You bite the catoblepas, but do no damage.
You completely miss the catoblepas. The catoblepas gores you!!
Xom grants you a minor favour.
A red film seems to cover your vision as you go berserk!
You feel yourself moving faster!
You feel mighty!
You feel a strong urge to attack something.
The catoblepas breathes a plume of calcifying dust at you.
The blast of calcifying dust hits you!
You slice the catoblepas!!
You feel better.
You are engulfed in calcifying dust.
You are slowing down.
The catoblepas gores you!!
Your extra speed is starting to run out.
The catoblepas breathes a plume of calcifying dust at you.
The blast of calcifying dust hits you!
Your limbs are stiffening.
You slice the catoblepas!!
You feel better.
You are engulfed in calcifying dust.
Your limbs have turned to stone.
The catoblepas gores you!!
You have turned to stone.
You are engulfed in calcifying dust.
The catoblepas breathes a plume of calcifying dust at you.
The blast of calcifying dust hits you!
You are engulfed in calcifying dust.
You are no longer berserk.
You feel yourself slow down. The catoblepas gores you!!
You are engulfed in calcifying dust.
The catoblepas gores you!!
* * * LOW HITPOINT WARNING * * *
You are engulfed in calcifying dust.
The catoblepas gores you!
* * * LOW HITPOINT WARNING * * *
You feel yourself slow down.
You are now a plaything of Xom.
The catoblepas barely misses you. The catoblepas gores you!!
* * * LOW HITPOINT WARNING * * *
The catoblepas gores you!!
You die...
Xom thinks this is hilarious!

* #............... ∆,
#../.....P....# * * ∆
{#...........##*## *#.
#####............##P###.#.,,*
..............#............
.........##÷÷#.#...........,
* ........##.##..............
....##.######.........P....
** ..###..## #..Y@....[.....
, ..P####.# #.............# ,
....#..## #..........>..$
......## #...............
.###..# ##.............. , .#
##.## *#..............
.###..P# #....#.........
..##...## #..###.....b.... ,
........# ### #.........., ,


You could see a catoblepas.

Vanquished Creatures
  A death knight (D:11)
  A two-headed ogre (D:11)
  Erica (D:10)
  5 death yaks
  An unseen horror (D:10)
  Pikel (D:5)
  An orc knight (Bailey)
  A black mamba (Lair:1)
  A rime drake (Lair:1)
  A komodo dragon (Lair:1)
  A polar bear (Lair:2)
  A troll (D:11)
  4 hippogriffs
  Grinder (D:5)
  7 yaks
  A tarantella (D:9)
  Grum (D:10)
  2 hungry ghosts (D:7)
  The ghost of cirnu the Grave Robber, an amateur DsNe (D:4)
  An insubstantial wisp (Lair:2)
  Duvessa (D:5)
  7 water moccasins
  A water moccasin (shapeshifter) (D:6)
  3 porcupines (Lair:2)
  6 orc warriors
  2 ice beasts
  A hornet zombie (D:10)
  2 sky beasts (D:8)
  A black bear (D:8)
  7 ogres
  4 wolves
  4 centaurs
  5 crocodiles
  2 big kobolds (D:8)
  9 bullfrogs
  A gnoll sergeant (D:5)
  Dowan (D:5)
  5 scorpions
  7 wights
  17 killer bees
  A howler monkey (D:10)
  6 crimson imps
  2 centaur zombies
  A quasit (D:8)
  6 hounds
  12 orc wizards
  7 orc priests
  2 bullfrog zombies (D:10)
  2 jellies (D:7)
  Ijyb (D:3)
  2 centaur skeletons
  3 iguanas
  5 worker ants
  2 hound skeletons
  5 worker ant zombies
  17 adders
  3 gnolls
  A howler monkey skeleton (D:4)
  A shadow imp (D:7)
  3 adder skeletons
  An adder zombie (D:3)
  A worm (D:7)
  4 dart slugs
  4 leopard geckos
  33 orcs
  7 giant cockroaches
  7 goblins
  7 hobgoblins
  17 jackals
  5 quokkas
  5 bats
  4 frilled lizards
  A jackal zombie (D:7)
  A kobold (shapeshifter) (D:3)
  19 kobolds
  2 leopard gecko skeletons
  2 quokka skeletons
  A quokka zombie (D:9)
  6 rats
329 creatures vanquished.

Vanquished Creatures (collateral kills)
  A two-headed ogre (D:10)
  A death yak (D:10)
  An ogre (D:7)
  A centaur (D:10)
  A shadow imp (D:8)
5 creatures vanquished.

Vanquished Creatures (others)
  A death yak (D:11)
  3 slaves (D:5)
  A bullfrog (D:6)
  A wight (D:7)
  A howler monkey (D:10)
  3 gnolls (D:5)
  An adder (D:5)
  A goblin (D:1)
  6 plants (Lair:2)
  23 toadstools (D:10)
41 creatures vanquished.

Grand Total: 375 creatures vanquished

Notes
Turn   | Place    | Note
-------+----------+-------------------------------------------
     0 | D:1      | RKaid the Vampire Chaos Knight began the quest for the Orb.
     0 | D:1      | Reached XP level 1. HP: 17/17 MP: 1/1
   149 | D:1      | Reached XP level 2. HP: 19/23 MP: 2/2
   150 | D:1      | XOM: mild Conj miscast
   480 | D:1      | XOM: god gift: 950 gold pieces
   584 | D:1      | Reached skill level 3 in Fighting
   856 | D:1      | XOM: harmless Tloc miscast
   912 | D:1      | XOM: harmless Tmut miscast
   928 | D:1      | XOM: harmless Ice miscast
   967 | D:1      | Reached XP level 3. HP: 29/29 MP: 3/3
  1147 | D:1      | Reached skill level 4 in Long Blades
  1158 | D:1      | XOM: scenery: create altars
  1365 | D:1      | XOM: god gift: papyrus book {god gift}
  1497 | D:2      | XOM: 6-stop teleportation journey
  1593 | D:2      | XOM: swap monsters
  1595 | D:2      | Reached XP level 4. HP: 19/35 MP: 4/4
  1788 | D:2      | Noticed an orc warrior
  1815 | D:2      | XOM: confuse monster(s)
  1822 | D:2      | XOM: confuse monster(s)
  1826 | D:2      | Killed an orc warrior
  1826 | D:2      | Reached skill level 5 in Long Blades
  1826 | D:2      | Reached XP level 5. HP: 42/42 MP: 5/5
  2063 | D:2      | XOM: god gift: meat ration
  2092 | D:2      | Found an ancient bone altar of Kikubaaqudgha.
  2127 | D:2      | Reached skill level 4 in Fighting
  2240 | D:2      | Found a white marble altar of Elyvilon.
  2735 | D:3      | XOM: 1-stop teleportation journey
  2776 | D:3      | XOM: divination: magic mapping
  2777 | D:3      | Found a basalt altar of Yredelemnul.
  2821 | D:3      | XOM: give mutations
  2821 | D:3      | Gained mutation: You occasionally shout uncontrollably at your foes. [Xom's mischief]
  2821 | D:3      | Gained mutation: You are clumsy. (Dex -2) [Xom's mischief]
  2902 | D:3      | Found a burning altar of Makhleb.
  2931 | D:3      | XOM: noise
  2945 | D:3      | Reached XP level 6. HP: 39/48 MP: 6/6
  3080 | D:3      | Noticed Ijyb
  3083 | D:3      | XOM: swap monsters
  3116 | D:3      | XOM: god gift: glowing halberd {god gift}
  3578 | D:3      | Killed Ijyb
  3622 | D:4      | Found a shadowy altar of Dithmenos.
  3632 | D:4      | Reached skill level 1 in Shields
  3690 | D:4      | Reached skill level 6 in Long Blades
  3763 | D:4      | Noticed cirnu's ghost (amateur DsNe)
  3769 | D:4      | XOM: scenery: 1 doors open
  3774 | D:4      | XOM: mild Chrm miscast
  3781 | D:4      | XOM: enchant monster (bad)
  4145 | D:2      | XOM: give mutations
  4145 | D:2      | Gained mutation: Your body sometimes deteriorates upon taking damage. [Xom's mischief]
  4145 | D:2      | Lost mutation: Your body sometimes deteriorates upon taking damage. [Xom's mischief]
  4182 | D:2      | XOM: harmless Tloc miscast
  4276 | D:4      | XOM: divination: magic mapping
  4281 | D:4      | XOM: cast spell 'Shadow Creatures'
  4289 | D:4      | XOM: destruction
  4314 | D:4      | XOM: scenery: create altars
  4317 | D:4      | XOM: enchant monster (bad)
  4542 | D:4      | XOM: cleaving
  4555 | D:4      | Killed cirnu's ghost
  4555 | D:4      | Reached skill level 2 in Shields
  4555 | D:4      | Reached XP level 7. HP: 47/55 MP: 7/7
  4658 | D:4      | XOM: noise
  4699 | D:4      | XOM: give mutations
  4699 | D:4      | Gained mutation: Your system is resistant to poisons. (rPois) [Xom's grace]
  4699 | D:4      | Gained mutation: Your mind is acute. (Int +2) [Xom's grace]
  4699 | D:4      | Gained mutation: You passively map a small area around you. [Xom's grace]
  4699 | D:4      | Gained mutation: Your movements are slightly less encumbered by armour. (ER -2) [Xom's grace]
  4961 | D:5      | Entered Level 5 of the Dungeon
  4968 | D:5      | Noticed Grinder
  5109 | D:5      | Noticed Pikel
  5113 | D:4      | XOM: potion effect (invisibility)
  5115 | D:4      | XOM: potion effect (haste)
  5123 | D:5      | XOM: potion effect (heal wounds)
  5126 | D:5      | Killed Pikel
  5126 | D:5      | Reached skill level 5 in Fighting
  5126 | D:5      | Reached skill level 4 in Shields
  5126 | D:5      | Reached XP level 8. HP: 58/62 MP: 8/8
  5188 | D:5      | Reached skill level 7 in Long Blades
  5293 | D:5      | Found Vaufidan's Armour Emporium.
  5327 | D:5      | Bought a +0 pair of boots for 54 gold pieces
  5327 | D:5      | Bought the +6 chain mail "Puafen" {rF+} for 582 gold pieces
  5383 | D:5      | Noticed Dowan
  5418 | D:5      | Noticed Duvessa
  5425 | D:5      | XOM: harmless Tloc miscast
  5433 | D:5      | Killed Duvessa
  5436 | D:5      | XOM: potion effect (agility)
  5450 | D:5      | Killed Dowan
  5450 | D:5      | Reached skill level 5 in Shields
  5514 | D:5      | XOM: potion effect (might)
  5559 | D:5      | Killed Grinder
  5560 | D:5      | Reached skill level 6 in Fighting
  5883 | D:6      | Found a staircase to the Ecumenical Temple.
  5889 | D:6      | Reached skill level 1 in Armour
  5908 | D:6      | Found a hazy altar of Hepliaklqana.
  5909 | D:6      | XOM: medium Tmut miscast
  5921 | Temple   | Entered the Ecumenical Temple
  6133 | D:6      | Noticed Prince Ribbit
  6157 | D:6      | XOM: scenery: create altars
  6159 | D:6      | Noticed Prince Ribbit
  6159 | D:6      | Prince Ribbit changed into Prince Ribbit the raiju
  6159 | D:6      | XOM: polymorph Prince Ribbit -> Prince Ribbit the raiju
  6160 | D:6      | Noticed Prince Ribbit
  6160 | D:6      | Prince Ribbit the raiju changed into Prince Ribbit the elephant
  6253 | D:5      | XOM: summons 4 hostile demons
  6254 | D:5      | Noticed a rust devil
  6351 | D:6      | XOM: divine lightning
  6415 | D:6      | XOM: stat loss: -1 Int (16/17)
  6418 | D:6      | Reached XP level 9. HP: 70/70 MP: 9/9
  6432 | D:6      | XOM: blink monster(s)
  6444 | D:6      | Reached skill level 2 in Armour
  6555 | D:6      | Noticed Prince Ribbit
  6555 | D:6      | Noticed Prince Ribbit
  6555 | D:6      | Prince Ribbit the scorpion changed into Prince Ribbit the porcupine
  6556 | D:6      | XOM: medium Summ miscast
  6557 | D:6      | Noticed a soul eater
  6558 | D:6      | Noticed Prince Ribbit
  6558 | D:6      | Prince Ribbit the porcupine changed into Prince Ribbit the killer bee
  6561 | D:6      | Noticed Prince Ribbit
  6561 | D:6      | Prince Ribbit the killer bee changed into Prince Ribbit the worm
  6568 | D:6      | XOM: enchant monster (bad)
  6606 | D:6      | XOM: mild Air miscast
  6646 | D:6      | Noticed Prince Ribbit
  6646 | D:6      | Noticed Prince Ribbit
  6646 | D:6      | Prince Ribbit the adder changed into Prince Ribbit the worker ant
  6650 | D:6      | XOM: fog
  6654 | D:6      | Noticed Prince Ribbit
  6657 | D:6      | Noticed Prince Ribbit
  6657 | D:6      | Prince Ribbit the swamp drake changed into Prince Ribbit the water moccasin
  6660 | D:6      | Killed Prince Ribbit the water moccasin
  6660 | D:6      | Reached skill level 8 in Long Blades
  6903 | D:7      | Reached skill level 3 in Armour
  6909 | D:7      | XOM: enchant monster (bad)
  7097 | D:7      | Reached skill level 3 in Dodging
  7131 | D:7      | XOM: 2-stop teleportation journey
  7147 | D:7      | Reached skill level 7 in Fighting
  7183 | D:7      | XOM: medium Pois miscast
  7386 | D:7      | Reached skill level 6 in Shields
  7390 | D:7      | XOM: cleaving
  7534 | D:7      | XOM: cleaving
  7641 | D:7      | Reached skill level 4 in Dodging
  7867 | D:7      | Found a snail-covered altar of Cheibriados.
  8015 | D:7      | XOM: cast spell 'Summon Dragon'
  8099 | D:7      | XOM: mild Tloc miscast
  8099 | D:7      | XOM: smoke on damage
  8168 | D:5      | Bought a scarf of repulsion for 144 gold pieces
  8243 | D:8      | XOM: noise
  8254 | D:8      | Reached skill level 9 in Long Blades
  8348 | D:8      | Reached XP level 10. HP: 71/79 MP: 10/10
  8376 | D:8      | XOM: polymorph ogre -> scorpion
  8731 | D:8      | XOM: cast spell 'Summon Small Mammal'
  8738 | D:8      | Reached skill level 1 in Stealth
  8823 | D:8      | Found an opulent altar of Gozag.
  8945 | D:8      | XOM: confuse monster(s)
  8954 | D:8      | Reached skill level 5 in Dodging
  8954 | D:8      | Reached skill level 2 in Stealth
  9008 | D:8      | XOM: silly message
  9009 | D:8      | XOM: enchant monster (good)
  9066 | D:8      | XOM: enchant monster (bad)
  9267 | D:8      | Found a blossoming altar of Fedhas.
  9270 | D:8      | Found a glowing golden altar of the Shining One.
  9274 | D:8      | Reached skill level 3 in Stealth
  9484 | D:9      | Found a flagged portal.
  9494 | Bailey   | Entered a bailey
  9541 | Bailey   | Noticed an orc knight
  9543 | Bailey   | Noticed an orc knight
  9549 | Bailey   | Noticed an orc knight
  9552 | Bailey   | Noticed an orc knight
  9566 | Bailey   | XOM: medium Necr miscast
  9708 | Bailey   | XOM: god gift: book of Cantrips
  9741 | Bailey   | Killed an orc knight
  9741 | Bailey   | Reached skill level 8 in Fighting
  9741 | Bailey   | Reached skill level 4 in Stealth
 10180 | D:9      | XOM: polymorph troll -> tarantella
 10186 | D:9      | Reached skill level 6 in Dodging
 10198 | D:9      | XOM: 4-stop teleportation journey
 10199 | D:9      | Noticed a two-headed ogre
 10201 | D:9      | Noticed an elephant
 10201 | D:9      | a two-headed ogre changed into an elephant
 10201 | D:9      | XOM: polymorph two-headed ogre -> elephant
 10203 | D:9      | XOM: mild Necr miscast
 10225 | D:9      | Noticed a cyclops
 10225 | D:9      | an elephant changed into a cyclops
 10225 | D:9      | XOM: polymorph elephant -> cyclops
 10659 | D:9      | XOM: harmless Tloc miscast
 10708 | D:10     | Entered Level 10 of the Dungeon
 10752 | D:10     | Reached skill level 5 in Stealth
 10905 | D:10     | Noticed Grum
 10971 | D:9      | Found a deep blue altar of Sif Muna.
 11044 | D:10     | XOM: stat loss: -1 Dex (10/11)
 11060 | D:10     | Noticed Erica
 11283 | D:10     | Noticed a two-headed ogre
 11284 | D:10     | XOM: confusion
 11290 | D:10     | XOM: summons 4 friendly demons
 11293 | D:10     | HP: 19/82 [centaur (8)]
 11294 | D:10     | Killed a two-headed ogre
 11294 | D:10     | Reached skill level 10 in Long Blades
 11451 | D:10     | XOM: swap monsters
 11466 | D:10     | Killed Grum
 11469 | D:10     | XOM: confusion
 11510 | D:10     | XOM: mild Ice miscast
 11741 | D:10     | Noticed an unseen horror
 11753 | D:10     | Killed an unseen horror
 11753 | D:10     | Reached skill level 6 in Stealth
 11753 | D:10     | Reached XP level 11. HP: 72/87 MP: 9/11
 11763 | D:10     | Noticed Erolcha
 11769 | D:10     | XOM: cast spell 'Summon Small Mammal'
 11848 | D:10     | XOM: fog
 11862 | D:10     | Killed Erica
 11862 | D:10     | Reached skill level 7 in Dodging
 11881 | D:10     | XOM: enchant monster (good)
 12003 | D:10     | HP: 16/87 [hippogriff (10)]
 12229 | D:10     | Noticed Urug
 12230 | D:10     | XOM: butterfly on damage
 12357 | D:11     | Found a staircase to the Lair.
 12357 | D:11     | Noticed a death yak
 12358 | D:11     | Noticed a death yak
 12359 | D:11     | Noticed a death yak
 12359 | D:11     | Noticed a death yak
 12359 | D:11     | Noticed a death yak
 12359 | D:11     | Noticed a death yak
 12360 | D:11     | Noticed a death yak
 12365 | D:11     | XOM: smoke on damage
 12368 | D:11     | Banished a death yak
 12370 | D:11     | XOM: fake destruction
 12384 | D:10     | XOM: divination: detect creatures
 12391 | D:10     | HP: 3/87 [death yak (23)]
 12397 | D:10     | XOM: enchant monster (good)
 12399 | D:10     | HP: 13/87 [death yak (7)]
 12402 | D:10     | XOM: scenery: 1 doors close
 12404 | D:10     | XOM: cast spell 'Summon Horrible Things'
 12406 | D:10     | Killed a death yak
 12419 | D:10     | XOM: give mutations
 12419 | D:10     | Gained mutation: You passively map the area around you. [Xom's grace]
 12419 | D:10     | Gained mutation: You have a pair of small antennae on your head. [Xom's grace]
 12419 | D:10     | Gained mutation: You have large cloven feet. [Xom's grace]
 12419 | D:10     | Lost mutation: You are clumsy. (Dex -2) [Xom's grace]
 12532 | D:10     | Learned a level 1 spell: Apportation
 12545 | D:10     | XOM: divination: detect items
 12546 | D:10     | XOM: cleaving
 12566 | D:10     | Reached skill level 9 in Fighting
 12663 | D:10     | XOM: god gift: 9 potions of blood
 12707 | D:10     | XOM: cleaving
 12714 | D:10     | Reached skill level 11 in Long Blades
 12750 | D:10     | Found a blossoming altar of Fedhas.
 12762 | D:10     | Noticed an oklob plant
 12969 | D:10     | Noticed Urug
 12969 | D:10     | Urug changed into Urug the hippogriff
 12969 | D:10     | XOM: polymorph Urug -> Urug the hippogriff
 12980 | D:10     | Killed Urug the hippogriff
 12992 | D:10     | Killed a death yak
 13106 | D:11     | Noticed a two-headed ogre
 13116 | D:11     | XOM: confuse monster(s)
 13128 | D:11     | XOM: cast spell 'Summon Butterflies'
 13133 | D:11     | Killed a two-headed ogre
 13141 | D:11     | XOM: fog
 13260 | D:11     | Found a portal to a secret trove of treasure.
 13377 | D:11     | XOM: cast spell 'Metabolic Englaciation'
 13420 | D:11     | XOM: 1-stop teleportation journey
 13484 | D:11     | XOM: fog
 13640 | D:11     | Found a staircase to the Orcish Mines.
 13767 | D:11     | XOM: fog
 13778 | D:11     | XOM: divination: magic mapping
 13781 | D:11     | Killed a death yak
 13781 | D:11     | Reached skill level 12 in Long Blades
 13794 | D:11     | Killed a death yak
 13904 | D:11     | XOM: divination: magic mapping
 13955 | D:11     | XOM: god gift: 44 gold pieces
 14033 | D:11     | Killed a death yak
 14034 | D:11     | XOM: cleaving
 14045 | D:11     | HP: 16/90 [death yak (8)]
 14046 | D:11     | Killed a death yak
 14046 | D:11     | Reached XP level 12. HP: 17/97 MP: 3/12
 14382 | D:11     | Noticed a death knight
 14385 | D:11     | XOM: summons friendly quasit
 14386 | D:11     | XOM: divination: magic mapping
 14408 | D:11     | Killed a death knight
 14408 | D:11     | Reached skill level 10 in Fighting
 14838 | Lair:1   | Entered Level 1 of the Lair of Beasts
 14908 | Lair:1   | XOM: harmless Erth miscast
 14987 | Lair:1   | XOM: cast spell 'Leda's Liquefaction'
 15105 | Lair:1   | XOM: confuse monster(s)
 15114 | Lair:1   | Reached skill level 13 in Long Blades
 15613 | Lair:1   | XOM: harmless Tloc miscast
 15967 | Lair:2   | XOM: potion effect (invisibility)
 16042 | Lair:2   | XOM: harmless Air miscast
 16112 | Lair:2   | XOM: potion effect (invisibility)
 16113 | Lair:2   | XOM: divination: detect items
 16161 | Lair:2   | Noticed a catoblepas
 16171 | Lair:2   | XOM: potion effect (haste)
 16218 | Lair:2   | XOM: potion effect (berserk rage)
 16227 | Lair:2   | HP: 22/98 [catoblepas (4)]
 16230 | Lair:2   | Slain by a catoblepas

Vault maps used:
D:1:      roderic_dead_forest
D:2:      lemuel_doored_altar, overflow_temple_1_default
D:3:      nicolae_overflow_crystal_walls, lemuel_coloured_pillars_altar,
          serial_undead, serial_undead_d, serial_undead_e, serial_undead_e,
          serial_undead_c, uniq_ijyb
D:4:      nicolae_dithmenos_the_darkroom
D:5:      first_bread, serial_shops, nicolae_shop_stone, uniq_grinder,
          uniq_pikel, uniq_duvessa
D:6:      overflow_temple_1_default, minmay_temple_entry_butterflies,
          uniq_prince_ribbit1
D:7:      cheibrodos_worm_habitat, grunt_ogre_cave
D:8:      nicolae_gozag_cash_rules_everything_around_me,
          gammafunk_temple_overflow_statue
D:9:      lemuel_blue_sif_altar, enter_bailey_8
D:10:     minmay_misc_feat_rows, tgw_fedhas, uniq_grum, uniq_erolcha, uniq_urug,
          uniq_erica
D:11:     dpeg_lair_monsters, orc_0_dummy, nicolae_trove_entry_path_of_doom,
          eino_tiny_chamber
Temple:   minmay_temple_curvy_loop
Lair:2:   cheibrodos_lair_overgrown_chateau, minmay_swamp_entry_wisps,
          lemuel_fruit_fields
Bailey:   bailey_axe_4, bailey

Skill      XL: |  1  2  3  4  5  6  7  8  9 10 11 12 |
---------------+-------------------------------------+-----
Fighting       | 3 4 5 6 7 8 9 10 | 10.4
Long Blades    | 4 5 6 7 9 10 12 13 | 13.4
Shields        | 2 4 5 6 |  6.5
Armour         | 1 3 |  3.0
Dodging        | 4 6 7 |  7.5
Stealth        | 6 |  6.6

Action                   |  1- 3 |  4- 6 |  7- 9 | 10-12 || total
-------------------------+-------+-------+-------+-------++-------
Melee: Falchion          |    98 |   203 |   529 |   648 ||  1478
       Bite              |     6 |    23 |    68 |   123 ||   220
       Great sword       |       |       |       |   151 ||   151
       Scimitar          |       |       |       |   185 ||   185
Throw: Tomahawk          |       |       |       |     6 ||     6
       Stone             |       |       |       |     1 ||     1
Evoke: Wand              |       |     1 |     3 |    12 ||    16
  Use: Potion            |     2 |     8 |    17 |    47 ||    74
       Scroll            |     1 |       |    12 |     9 ||    22
 Stab: Sleeping          |     4 |     2 |     3 |     4 ||    13
       Confused          |     1 |     4 |     5 |    10 ||    20
       Paralysed         |       |     2 |     9 |    24 ||    35
       Petrifying        |       |       |     4 |     2 ||     6
       Petrified         |       |       |     5 |     7 ||    12
       Invisible         |       |       |     2 |     5 ||     7
       Distracted        |       |       |       |     1 ||     1
Armor: Leather armour    |    27 |    42 |     3 |       ||    72
       Chain mail        |       |       |   227 |   294 ||   521
       Troll leather arm |       |       |       |    59 ||    59
Dodge: Dodged            |    63 |    96 |   159 |   462 ||   780
       Deflected         |       |       |     1 |    19 ||    20
Block: Buckler           |       |    14 |   118 |   198 ||   330
       Rpst.: Falchion   |    15 |    36 |    51 |    81 ||   183
       Great sword       |       |       |       |    25 ||    25
       Scimitar          |       |       |       |    20 ||    20

Table legend:
 A = Spawn XP
 B = Non-spawn XP
 C = Spawn XP percentage of total XP
 D = Spawn monster count
 E = Non-spawn monster count
 F = Spawn count percentage of total count
 G = Total turns spent on level
                    A         B        C        D         E        F      G
               +---------+---------+-------+---------+---------+-------+---------
         Total |       0 |   27907 |   0.0 |       0 |     338 |   0.0 | 16230
               +---------+---------+-------+---------+---------+-------+---------
           D:1 |       0 |      65 |   0.0 |       0 |      32 |   0.0 |  1450
           D:2 |       0 |     263 |   0.0 |       0 |      23 |   0.0 |  1206
           D:3 |       0 |     151 |   0.0 |       0 |      20 |   0.0 |  1563
           D:4 |       0 |     368 |   0.0 |       0 |       8 |   0.0 |   908
           D:5 |       0 |    1724 |   0.0 |       0 |      19 |   0.0 |   915
           D:6 |       0 |     682 |   0.0 |       0 |      24 |   0.0 |   671
           D:7 |       0 |    2137 |   0.0 |       0 |      46 |   0.0 |  1491
           D:8 |       0 |    1650 |   0.0 |       0 |      34 |   0.0 |   959
           D:9 |       0 |    1208 |   0.0 |       0 |      22 |   0.0 |  1069
          D:10 |       0 |    6839 |   0.0 |       0 |      45 |   0.0 |  2189
          D:11 |       0 |    7449 |   0.0 |       0 |      25 |   0.0 |  1801
        Lair:1 |       0 |    2697 |   0.0 |       0 |      13 |   0.0 |  1015
        Lair:2 |       0 |    2085 |   0.0 |       0 |      15 |   0.0 |   377
        Bailey |       0 |     589 |   0.0 |       0 |      12 |   0.0 |   415
               +---------+---------+-------+---------+---------+-------+---------

Table legend:
 A = Turns spent in this place as a percentage of turns spent in the entire game.
 B = Non-inter-level travel turns spent in this place as a percentage of non-inter-level travel turns spent in the entire game.
 C = Inter-level travel turns spent in this place as a percentage of turns spent in this place.
 D = Turns resting spent in this place as a percentage of non-inter-level travel turns spent in this place.
 E = Turns spent auto-exploring this place as a percentage of non-inter-level travel turns spent in this place.
 F = Non-inter-level travel turns spent in this place divided by the number of levels of this place that you've seen.
                   A       B       C       D       E      F
               +-------+-------+-------+-------+-------+----------------------
         Total | 100.0 | 100.0 |   6.2 |  25.1 |  38.2 | 1014.8
       Dungeon |  87.6 |  87.2 |   6.7 |  25.8 |  37.6 | 1206.8
        Temple |   1.2 |   1.2 |   9.5 |   0.0 |  98.9 | 182.0
          Lair |   8.6 |   8.9 |   3.0 |  19.6 |  47.5 | 675.0
        Bailey |   2.6 |   2.7 |   0.0 |  32.5 |   0.0 | 415.0
               +-------+-------+-------+-------+-------+----------------------

Table legend:
 A = Kills in this place as a percentage of kills in entire the game.
 B = Kills by you in this place as a percentage of kills by you in the entire game.
 C = Kills by friends in this place as a percentage of kills by friends in the entire game.
 D = Other kills in this place as a percentage of other kills in the entire game.
 E = Experience gained in this place as a percentage of experience gained in the entire game.
 F = Experience gained in this place divided by the number of levels of this place that you have seen.
                   A       B       C       D       E      F
               +-------+-------+-------+-------+-------+----------------------
         Total | 100.0 | 100.0 | 100.0 | 100.0 | 100.0 | 1860.5
       Dungeon |  88.2 |  87.8 | 100.0 | 100.0 |  80.8 | 2048.7
          Lair |   8.3 |   8.6 |   0.0 |   0.0 |  17.1 | 2391.0
        Bailey |   3.6 |   3.7 |   0.0 |   0.0 |   2.1 | 589.0
               +-------+-------+-------+-------+-------+----------------------
